 Dungeon Crawl Stone Soup version 0.28.0-49-g6dfe1f597d (webtiles) character file.

Game seed: 9154813701045714652

28 Gabide the Skirmisher (level 3, 0/29 HPs)
             Began as a Human Monk on May 12, 2022.
             Slain by Jessica
             ... wielding a +0 dagger
              (8 damage)
             ... on level 2 of the Dungeon.
             The game lasted 00:02:06 (1207 turns).

Gabide the Skirmisher (Human Monk)                  Turns: 1207, Time: 00:02:07

Health: 0/29       AC:  5    Str: 13    XL:     3   Next: 30%
Magic:  3/3        EV: 11    Int: 10    God:
Gold:   57         SH:  0    Dex: 15    Spells: 2/2 levels left

rFire   . . .      SeeInvis .   a - +0 spear
rCold   . . .      Faith    .   (no shield)
rNeg    . . .      Spirit   .   g - +0 ring mail
rPois   .          Reflect  .   (no helmet)
rElec   .          Harm     .   (no cloak)
rCorr   .          Rampage  .   (no gloves)
Will    .....                   (no boots)
Stlth   +.........              (no amulet)
HPRegen 0.09/turn               (no ring)
MPRegen 0.08/turn               (no ring)

@: slowed, very slow
A: no striking features
a: no special abilities


You were on level 2 of the Dungeon.
You visited 1 branch of the dungeon, and saw 2 of its levels.

You collected 57 gold pieces.

Inventory:

Hand Weapons
 a - a +0 spear (weapon)
Armour
 g - a +0 ring mail (worn)
Scrolls
 c - a scroll of immolation {unknown}
 d - a scroll of torment {unknown}
 e - a scroll of identify {unknown}
 f - 2 scrolls of noise {unknown}


   Skills:
 + Level 3.4 Fighting
 + Level 3.4 Polearms
 * Level 0.0 Armour
 + Level 3.4 Dodging
 - Level 2.0 Stealth


You had 2 spell levels left.
You didn't know any spells.
Your spell library was empty.

Dungeon Overview and Level Annotations

Branches:
Dungeon (2/15)

Altars:

Shops:
D:1 *

Annotations:
D:2 Jessica


Message History

You closely miss Jessica.
Jessica is lightly wounded.
Jessica gestures at you while chanting.
You feel yourself slow down.
You hit Jessica.
Jessica is moderately wounded.
Jessica hits you but does no damage. Jessica closely misses you.
You hit Jessica but do no damage.
Jessica is moderately wounded.
Jessica gestures at you while chanting.
You barely resist. You barely miss Jessica.
Jessica is moderately wounded.
Jessica gestures wildly while chanting.
Jessica blinks!
Jessica hits you with a +0 dagger. x2
You hit Jessica.
Jessica is heavily wounded.
Jessica mumbles some strange words.
Jessica blinks!
Jessica shouts, "You are a ghastly nuisance!"
Jessica drinks a potion.
Jessica seems to grow stronger.
Jessica mumbles some strange words.
Jessica seems to speed up.
Press: ? - help, v - describe, . - travel
Here: Jessica, wielding a +0 dagger and wearing a +0 robe (heavily wounded, fast, strong)
The floor.
Unknown command.
You hit Jessica but do no damage.
Jessica is heavily wounded.
Jessica hits you with a +0 dagger. x2
You hit Jessica.
Jessica is almost dead.
Jessica hits you with a +0 dagger!
* * * LOW HITPOINT WARNING * * *
Jessica says, "Why did you come here?"
Jessica points at you and mumbles some strange words.
You feel as though you will be slow longer.
Jessica hits you with a +0 dagger!
You die...

.. .. . ..#. #.#.
.#. #..## .. ...
#. #.# #
#####.####<#.###.
#................#
###.@...........
##@......####.
#..###+### ####


You could see Jessica (fast, strong).

Vanquished Creatures
  2 endoplasms (D:1)
  A giant cockroach (D:1)
  3 goblins (D:1)
  4 hobgoblins (D:1)
  A quokka (D:1)
  2 ball pythons (D:1)
  3 bats (D:1)
  7 frilled lizards (D:1)
  2 kobolds (D:1)
  3 rats (D:1)
28 creatures vanquished.

Notes
Turn   | Place    | Note
-------+----------+-------------------------------------------
     0 | D:1      | Gabide the Human Monk began the quest for the Orb.
     0 | D:1      | Reached XP level 1. HP: 18/18 MP: 1/1
   159 | D:1      | Reached XP level 2. HP: 23/24 MP: 2/2
   356 | D:1      | Found Itel's Assorted Antiques.
   517 | D:1      | Reached XP level 3. HP: 23/29 MP: 3/3
   857 | D:1      | Found a faded altar of an unknown god.
  1193 | D:2      | Noticed Jessica
  1207 | D:2      | Slain by Jessica

Illustrated notes

Levels and vault maps discovered:
D:1:      moated_graveyard_arrival, layout_loops_corners,
          chequers_ecumenical_altar_simple, serial_shops, shop,
          kennysheep_flooded_box, minmay_misc_feat_hallway
D:2:      layout_loops_ring, basic_altar, lightli_corner_chamber, uniq_jessica

Action                   || total
-------------------------++-------
Melee: Spear             ||    86
       Punch             ||     3
 Stab: Sleeping          ||    12
Armor: Robe              ||     8
       Ring mail         ||     1
Dodge: Dodged            ||    34
